 Dungeon Crawl Stone Soup version 0.28.0-43-g3370ac3207 (webtiles) character file.

Game seed: 7432472708595408355

16384 experimilk the Basher (level 12, 0/96 (103) HPs)
             Began as a Palentonga Abyssal Knight on Mar 26, 2022.
             Was a Priest of Lugonu.
             Slain by a spectral orc warrior
             ... wielding a +0 scimitar
             ... summoned by Nergalle
              (9 damage)
             ... on level 3 of the Lair of Beasts on Mar 30, 2022.
             The game lasted 00:48:50 (17237 turns).

experimilk the Basher (Palentonga Abyssal Knight)  Turns: 17237, Time: 00:48:51

HP:   0/96 (103)    AC: 27    Str: 26    XL:     12   Next: 9%
MP:   16/16         EV:  0    Int: 11    God:    Lugonu [***...]
Gold: 587           SH:  4    Dex: 12    Spells: 11/11 levels left

rFire   + . .      SeeInvis +   l - +4 mace "Weuk" {freeze, rPois rC++ Will+}
rCold   + + .      Faith    .   M - +0 buckler
rNeg    . . .      Spirit   .   m - +0 plate armour
rPois   +          Reflect  .   O - +0 helmet
rElec   .          Harm     .   N - +0 cloak of Kikubaaqudgha's Regard {Will+}
rCorr   .          Rampage  .   Y - +0 pair of gloves
Will    ++...                   a - +0 barding
Stlth   ..........              K - amulet of regeneration
HPRegen 1.06/turn               f - +6 ring of strength
MPRegen 0.15/turn               C - ring of protection from fire

@: about to teleport, constricted, drained, curled up
A: large, rugged brown scales 3, see invisible, deformed body, roll 1, armoured
tail, reflexive curl
a: Rolling Charge, Renounce Religion, Depart the Abyss, Bend Space, Banish


You were on level 3 of the Lair of Beasts.
You worshipped Lugonu.
Lugonu was most pleased with you.
You visited 2 branches of the dungeon, and saw 15 of its levels.
You visited the Abyss 1 time.

You collected 829 gold pieces.
You spent 242 gold pieces at shops.

Inventory:

Hand Weapons
 l - the +4 mace "Weuk" (weapon) {freeze, rPois rC++ Will+}
   (You found it on level 2 of the Dungeon)

   It freezes those it strikes, dealing additional cold damage.
   It can also slow down cold-blooded creatures.
   rC:        It greatly protects you from cold.
   rPois:     It protects you from poison.
   Will:      It increases your willpower.
 w - a +2 flail of holy wrath
Missiles
 n - a throwing net
 s - 11 javelins (quivered)
Armour
 a - a +0 barding (worn)
 b - a +0 leather armour
 i - a +0 ring mail
 j - a +3 chain mail
 m - a +0 plate armour (worn)
 v - a scarf of repulsion
 M - a +0 buckler (worn)
 N - the +0 cloak of Kikubaaqudgha's Regard (worn) {Will+}
   (You found it on level 9 of the Dungeon)

   Will:      It increases your willpower.
 O - a +0 helmet (worn)
 S - +0 pearl dragon scales
 Y - a +0 pair of gloves (worn)
Jewellery
 f - a +6 ring of strength (left hand)
 u - an amulet of magic regeneration
 B - a ring of wizardry
 C - a ring of protection from fire (right hand)
 H - a ring of positive energy
 K - an amulet of regeneration (around neck)
 T - a ring of protection from fire
 W - a ring of poison resistance
Wands
 x - a wand of digging (11)
 D - a wand of flame (10)
 Q - a wand of paralysis (12)
Scrolls
 e - 3 scrolls of amnesia
 h - 2 scrolls of teleportation
 k - a scroll of immolation
 p - 2 scrolls of fear
 q - a scroll of fog {unknown}
 r - a scroll of enchant weapon {unknown}
 t - 5 scrolls of blinking
 y - a scroll of brand weapon
 I - a scroll of holy word {unknown}
 J - a scroll of noise {unknown}
 P - a scroll of enchant armour {unknown}
 R - a scroll of acquirement {unknown}
Potions
 c - 3 potions of flight
 d - 4 potions of curing
 g - 5 potions of resistance
 o - 6 potions of haste
 z - 2 potions of lignification
 A - 3 potions of invisibility
 E - a potion of mutation
 F - a potion of attraction
 L - a potion of berserk rage
 U - 2 potions of ambrosia
 V - a potion of might {unknown}


   Skills:
 + Level 10.1 Fighting
 - Level 3.7(9.4) Axes
 * Level 13.4(13.6) Maces & Flails
 + Level 7.2 Armour
 - Level 0.7 Dodging
 + Level 1.5 Shields
 - Level 6.0 Invocations
 - Level 3.0 Evocations


You had 11 spell levels left.
You didn't know any spells.
Your spell library contained the following spells:

 Spells                   Type           Power      Damage    Failure   Level
 Shock                    Conj/Air       0%         1d3       99%         1
 Summon Small Mammal      Summ           0%         N/A       99%         1
 Call Canine Familiar     Summ           0%         N/A       100%        3
 Summon Guardian Golem    Hex/Summ       0%         N/A       100%        3
 Swiftness                Air            0%         N/A       100%        3
 Airstrike                Air            0%         N/A       100%        4


Dungeon Overview and Level Annotations

Branches:
Dungeon (9/15)             Temple (0/1) D:7            Lair (6/6) D:9
  Swamp (0/4) Lair:4        Snake (0/4) Lair:3
  Slime: Lair:5-6       Orc: D:9-12

Altars:
Makhleb
Nemelex Xobeh
Okawaru
Vehumet
Xom

Shops:
D:5 !

Annotations:
D:9 corrupted
Lair:3 Nergalle, Rupert
Abyss:1 Pikel, Urug


Innate Abilities, Weirdness & Mutations

You are completely covered in rugged brown scales. (AC +3, +7% HP)
You have supernaturally acute eyesight. (SInv)
Armour fits poorly on your strangely shaped body.
You can roll at nearby foes to attack.
You have a long armoured tail.
You curl defensively after being hit. (AC +7*)


Message History

You barely miss the spectral orc warrior.
You tail-slap the spectral orc warrior, but do no damage.
The spectral orc warrior is lightly damaged.
You feel sick.
Nergalle points at the spectral orc and mumbles some strange words.
The spectral orc seems to speed up.
The spectral orc hits you but does no damage.
The spectral orc warrior hits you with a +0 scimitar!
* * * LOW HITPOINT WARNING * * *
You feel drained.
* * * LOW HITPOINT WARNING * * *
As you read the scroll of teleportation, it crumbles to dust.
You feel strangely unstable.
You feel sick.
You are no longer poisoned.
The naga hits you but does no damage. You block the naga's attack.
The spectral orc hits you but does no damage.
Nergalle mutters something.
The spectral orc hits you but does no damage.
You block the spectral orc warrior's attack.
The naga drinks a potion.
The naga is healed!
Aiming: Corrosive Bolt
Press: ? - help, Q - select action, (/) - cycle Shift-Dir - straight line, f - Nergalle, p - spectral orc warrior
Aim: Nergalle, wielding a +0 dagger and wearing a +0 robe (severely wounded, 71% to hit)
The bolt of acid misses the spectral orc.
The bolt of acid hits Nergalle!
The acid corrodes Nergalle!
Nergalle is severely wounded.
The now-empty wand crumbles to dust.
The spectral orc hits you but does no damage.
The naga hits you with a +0 war axe!
* * * LOW HITPOINT WARNING * * *
The naga grabs you. The naga constricts you.
* * * LOW HITPOINT WARNING * * *
The spectral orc hits you with a +0 mace.
* * * LOW HITPOINT WARNING * * *
The spectral orc hits you with a +0 hand axe.
* * * LOW HITPOINT WARNING * * *
You feel drained.
The spectral orc warrior hits you with a +0 scimitar!
You die...

#...#.#.(.####..##
###..####...≈≈≈≈≈≈.##
#.....###.#≈≈≈≈≈≈≈≈.≈.#
##P.)###.#≈≈≈≈.≈≈≈≈≈.P# #
#..## #..≈≈≈.....≈≈≈.#
#####..# #..≈≈.......≈≈..
.......## #..≈≈≈..>...≈≈..
........###..≈≈PZ.....≈≈..
.###..#..##..≈≈≈@Z...≈≈≈..
## #...|.....≈≈≈ZN°.≈≈≈.#
# ##..#...##..ZoN≈≈≈≈...#
##..###...#...≈≈≈≈≈≈#...
###P.#.###.......≈P≈### .
.###.####.....####### ##
#.# ###.....## ###
#..##PP..## ## #######..P#


You could see Nergalle (corroded), 2 spectral orcs, a spectral orc warrior
(summoned), a spectral orc knight (summoned) and 2 nagas.

Vanquished Creatures
  Erica (Lair:2)
  An ugly thing (D:7)
  3 black mambas
  2 cane toads (Lair:2)
  2 rime drakes
  A troll (D:9)
  16 blink frogs
  The ghost of crimpus the Bolt Thrower, an amateur KoHu (D:4)
  A vampire (D:6)
  20 yaks
  5 wyverns
  A steam dragon (D:9)
  5 basilisks
  Menkaure (D:5)
  10 water moccasins
  An ice beast (D:6)
  2 black bears (D:6)
  An orc warrior (D:8)
  A sky beast (D:5)
  An ogre (D:7)
  2 necrophages (D:6)
  A centaur (D:8)
  2 lemures (D:7)
  10 bullfrogs
  2 gnoll sergeants (D:9)
  A scorpion (Lair:1)
  A water moccasin skeleton (D:5)
  4 killer bees (D:8)
  A crimson imp (D:6)
  A centaur zombie (D:7)
  A jelly (D:5)
  6 orc priests
  A bullfrog skeleton (D:4)
  A centaur skeleton (D:7)
  2 gnoll shamans
  4 hounds
  An iguana (D:7)
  Ijyb (D:4)
  6 orc wizards
  A howler monkey zombie (D:8)
  18 gnolls
  A howler monkey skeleton (D:7)
  5 adders
  A shadow imp (D:8)
  A white imp (D:6)
  2 ufetubi
  2 worms (D:2)
  2 dart slugs
  22 orcs
  An endoplasm (D:3)
  5 giant cockroaches
  10 goblins
  6 hobgoblins
  4 ball pythons
  8 bats
  4 frilled lizards
  9 kobolds
  6 rats
232 creatures vanquished.

Vanquished Creatures (others)
  6 yaks (D:9)
  A kobold brigand (D:9)
  An orc wizard (D:9)
  4 orcs
  5 kobolds (D:9)
  13 fungi
  19 plants
49 creatures vanquished.

Grand Total: 281 creatures vanquished

Notes
Turn   | Place    | Note
-------+----------+-------------------------------------------
     0 | Abyss:1  | experimilk the Palentonga Abyssal Knight began the quest
                  | for the Orb.
     0 | Abyss:1  | Reached XP level 1. HP: 19/19 MP: 2/2
    13 | D:1      | Escaped the Abyss
   126 | D:1      | Reached XP level 2. HP: 23/25 MP: 3/3
   263 | D:1      | Found a faded altar of an unknown god.
   794 | D:2      | Reached XP level 3. HP: 31/31 MP: 4/4
   815 | D:2      | Reached ** piety under Lugonu
   822 | D:2      | Identified the +4 mace "Weuk" {freeze, rPois rC++ Will+}
  1288 | D:2      | Reached skill level 1 in Maces & Flails
  1597 | D:3      | Reached XP level 4. HP: 37/37 MP: 5/5
  1716 | D:3      | Reached skill level 2 in Maces & Flails
  2526 | D:4      | Reached skill level 3 in Maces & Flails
  2529 | D:4      | Reached XP level 5. HP: 32/43 MP: 6/6
  2805 | D:4      | Reached skill level 4 in Maces & Flails
  2820 | D:4      | Noticed Ijyb
  2832 | D:4      | Killed Ijyb
  3151 | D:4      | Found an iron altar of Okawaru.
  3215 | D:4      | Found a runed translucent door.
  3216 | D:4      | Noticed crimpus's ghost (amateur KoHu)
  3464 | D:4      | Killed crimpus's ghost
  3465 | D:4      | Reached skill level 5 in Maces & Flails
  3465 | D:4      | Reached XP level 6. HP: 36/50 MP: 7/7
  3583 | D:5      | Entered Level 5 of the Dungeon
  3801 | D:5      | Found Vaosk's Distillery.
  3805 | D:5      | Noticed Menkaure
  3813 | D:5      | Killed Menkaure
  3814 | D:5      | Reached skill level 6 in Maces & Flails
  3814 | D:5      | Gained mutation: You curl defensively after being hit. (AC
                  | +7*) [Palentonga growth]
  3814 | D:5      | Reached XP level 7. HP: 23/55 MP: 7/9
  3995 | D:5      | Bought a potion of invisibility for 88 gold pieces
  5426 | D:6      | Reached skill level 7 in Maces & Flails
  5428 | D:6      | Reached XP level 8. HP: 62/64 MP: 10/10
  5469 | D:6      | Reached *** piety under Lugonu
  5640 | D:6      | Reached skill level 5 in Fighting
  5640 | D:6      | Reached skill level 8 in Maces & Flails
  6155 | D:6      | Found a shimmering altar of Xom.
  6155 | D:6      | Found a burning altar of Makhleb.
  6430 | D:7      | Noticed a green ugly thing
  6733 | D:7      | Reached XP level 9. HP: 62/73 MP: 11/11
  6736 | D:7      | Reached skill level 9 in Maces & Flails
  7285 | D:7      | Killed a green ugly thing
  7859 | D:7      | Noticed Pikel
  7868 | D:7      | Banished Pikel
  7982 | D:7      | Found a staircase to the Ecumenical Temple.
  8196 | D:5      | Bought a potion of ambrosia for 88 gold pieces
  8196 | D:5      | Bought a potion of curing for 33 gold pieces
  8196 | D:5      | Bought a potion of curing for 33 gold pieces
  8413 | D:8      | Reached skill level 10 in Maces & Flails
  8717 | D:8      | Reached skill level 5 in Invocations
  9264 | D:8      | Found a sparkling altar of Nemelex Xobeh.
  9606 | D:9      | Noticed a troll
  9612 | D:9      | Killed a troll
  9613 | D:9      | Reached XP level 10. HP: 66/84 MP: 12/14
 10016 | D:9      | Identified the +0 cloak of Kikubaaqudgha's Regard {Will+}
 10199 | D:9      | Found a radiant altar of Vehumet.
 10214 | D:9      | Found a staircase to the Lair.
 10260 | D:9      | Reached **** piety under Lugonu
 10422 | D:9      | Corrupted D:9
 10422 | D:9      | Noticed a smoke demon
 10422 | D:9      | Noticed a thrashing horror
 10422 | D:9      | Noticed an apocalypse crab
 10422 | D:9      | Noticed an Executioner
 10422 | D:9      | Noticed a large abomination
 10424 | D:9      | Noticed a worldbinder
 10425 | D:9      | Noticed a smoke demon
 10426 | D:9      | Noticed a large abomination
 10427 | D:9      | Noticed a sixfirhy
 10429 | D:9      | Noticed a white very ugly thing
 10429 | D:9      | Noticed a sixfirhy
 10431 | D:9      | Noticed a thrashing horror
 10432 | D:9      | Noticed a large abomination
 10438 | D:9      | Noticed a starcursed mass
 10508 | D:9      | Noticed a tentacled starspawn
 10521 | D:9      | Noticed a bone dragon
 10765 | Lair:1   | Entered Level 1 of the Lair of Beasts
 10816 | Lair:1   | Noticed Urug
 10920 | Lair:1   | Banished Urug
 10921 | Lair:1   | Reached skill level 11 in Maces & Flails
 10921 | Lair:1   | Reached skill level 5 in Armour
 11381 | Lair:1   | Noticed a black mamba
 11386 | Lair:1   | Killed a black mamba
 11397 | Lair:1   | Noticed a cane toad
 11402 | Lair:1   | Banished a cane toad
 11415 | Lair:1   | Reached XP level 11. HP: 37/93 MP: 12/15
 11956 | Lair:1   | Reached skill level 1 in Evocations
 11985 | Lair:1   | Reached skill level 12 in Maces & Flails
 13083 | Lair:2   | Noticed Erica
 13095 | Lair:2   | Killed Erica
 13958 | Lair:2   | Identified the +0 pair of boots "Fytetupt" {rElec rF-
                  | Will+++ Dex+7}
 14457 | Lair:2   | Reached skill level 13 in Maces & Flails
 15277 | Lair:3   | Reached skill level 10 in Fighting
 15278 | Lair:3   | Noticed Rupert
 15278 | Lair:3   | Paralysed by Rupert for 3 turns
 15675 | Lair:3   | You fall into a shaft and drop 3 floors!
 15675 | Lair:6   | Entered Level 6 of the Lair of Beasts
 15848 | Lair:4   | Found a staircase to the Swamp.
 15972 | Lair:4   | Reached skill level 1 in Shields
 15979 | Lair:4   | Reached XP level 12. HP: 101/103 MP: 16/16
 16256 | Lair:4   | Noticed a catoblepas
 17002 | Lair:3   | Found a staircase to the Snake Pit.
 17217 | Lair:3   | Noticed Nergalle
 17237 | Lair:3   | Slain by a spectral orc warrior

Illustrated notes

Levels and vault maps discovered:
D:1:      eino_arrival_cavern_d, layout_rooms,
          chequers_ecumenical_altar_simple_redux, minmay_tetromino_t4
D:2:      layout_basic
D:3:      layout_basic
D:4:      layout_rooms, nicolae_overflow_crystal_walls, gammafunk_ghost_grave,
          uniq_ijyb
D:5:      layout_layer_cave, serial_shops, shop, uniq_menkaure
D:6:      layout_loops_cross, grunt_temple_overflow_champion_of_chaos,
          serial_glass, glass_columns_a, glass_columns_b, item_on_display_a,
          item_on_display_a
D:7:      layout_layer_cave, minmay_temple_entry_from_below_b, st_stairs_2,
          uniq_pikel
D:8:      layout_basic, nemelex_spade_bored_becter, minmay_misc_feat_x,
          kennysheep_generic_room_14
D:9:      layout_small_grid, mainiacjoe_overflow_six_doors_small,
          lair_entry_dummy, chequers_avenue
Lair:1:   layout_cave_pods, st_stairs_8, grunt_megastairs_3, uniq_urug
Lair:2:   layout_regular_city, st_stairs_4, uniq_erica
Lair:3:   layout_hall_layers, guppyfry_snake_entry_island,
          chequers_serial_rivers_marsh, uniq_rupert, uniq_nergalle
Lair:4:   layout_cave_shapes, swamp_mist
Lair:5:   layout_gridlike, lemuel_fruit_fields
Lair:6:   grunt_lair_end_beastmaster, layout_gridlike, slime_dummy,
          serial_bayou, serial_bayou_lagoon_a, serial_bayou_lake_a,
          serial_bayou_pond_a, serial_bayou_lagoon_b,
          hangedman_lair_generics_rect, serial_bayou_shore_a

Skill      XL: |  1  2  3  4  5  6  7  8  9 10 11 |
---------------+----------------------------------+-----
Axes           | 3 |  3.7
Maces & Flails | 1 3 5 6 7 8 10 11 13 | 13.4
Armour         | 2 3 4 5 7 |  7.2
Invocations    | 3 5 6 |  6.0
Fighting       | 4 6 7 8 10 | 10.1
Evocations     | 3 |  3.0
Shields        | 1 |  1.5
Dodging        | |  0.7

Action                   |  1- 3 |  4- 6 |  7- 9 | 10-12 || total
-------------------------+-------+-------+-------+-------++-------
Melee: Hand axe          |    63 |       |       |       ||    63
       Tailslap          |    11 |    13 |    34 |    47 ||   105
       Mace              |    35 |    53 |   212 |   315 ||   615
       Flail             |       |    38 |    14 |     4 ||    56
       Punch             |       |     2 |     3 |     6 ||    11
Throw: Javelin           |       |    12 |    12 |     1 ||    25
Invok: Bend Space        |       |     2 |     5 |    55 ||    62
       Banish            |       |       |     2 |     6 ||     8
       Corrupt           |       |       |       |     1 ||     1
 Abil: Rolling Charge    |    27 |    19 |    37 |   140 ||   223
Evoke: Wand              |       |       |     9 |    24 ||    33
  Use: Scroll            |       |     4 |     8 |    11 ||    23
       Potion            |       |       |     3 |    10 ||    13
 Stab: Invisible         |       |       |     2 |       ||     2
       Fleeing           |       |       |     1 |       ||     1
       Paralysed         |       |       |       |     4 ||     4
Armor: Leather armour    |    16 |       |       |       ||    16
       Ring mail         |    10 |       |       |       ||    10
       Plate armour      |    17 |    38 |   128 |   196 ||   379
Dodge: Dodged            |    28 |    14 |    51 |    42 ||   135
Block: Buckler           |       |       |       |    14 ||    14
